 Dungeon Crawl Stone Soup version 0.20.0-7-g3b7b877 (webtiles) character file.

51 Chiseanne the Magician (level 3, -1/24 HPs)
             Began as a Demonspawn Wizard on May 29, 2017.
             Slain by an orc
             ... wielding a +0 flail
              (12 damage)
             ... on level 3 of the Dungeon.
             The game lasted 00:03:31 (1815 turns).

Chiseanne the Magician (Demonspawn Wizard)          Turns: 1815, Time: 00:03:31

Health: -1/24      AC:  8    Str:  7    XL:     3   Next: 57%
Magic:  8/8        EV: 11    Int: 20    God:
Gold:   40         SH:  4    Dex: 11    Spells: 0/9 levels left

rFire    . . .     SeeInvis .   e - +0 mace
rCold    . . .     Gourm    .   t - +1 buckler
rNeg     . . .     Faith    .   a - +0 robe
rPois    .         Spirit   .   p - +1 helmet
rElec    .         Reflect  .   (no cloak)
rCorr    .         Harm     .   (no gloves)
MR       .....                  (no boots)
Stlth    ++........             (no amulet)
Regen    0.1/turn               v - +2 ring of protection
MPRegen  0.2/turn               (no ring)

@: no status effects
A: iridescent scales 1, spiny 1
a: no special abilities


You were on level 3 of the Dungeon.
You were not hungry.

You visited 1 branch of the dungeon, and saw 3 of its levels.

You collected 40 gold pieces.

Inventory:

Hand Weapons
 e - a +0 mace (weapon)
Missiles
 g - 134 stones (quivered)
 i - 18 sling bullets
 n - 6 arrows
 s - 18 bolts
Armour
 a - a +0 robe (worn)
 p - a +1 helmet (worn)
 t - a +1 buckler (worn)
Jewellery
 v - a +2 ring of protection (left hand)
Scrolls
 j - a scroll of teleportation
 l - a scroll of remove curse
 w - a scroll of fog
Potions
 h - a potion of haste {unknown}
 k - a potion of curing {unknown}
 m - a potion of lignification
 q - 4 potions of heal wounds
Books
 c - a book of Minor Magic

   Spells                             Type                      Level
   a - Magic Dart                     Conjuration                  1
   b - Blink                          Translocation                2
   c - Call Imp                       Summoning                    2
   d - Slow                           Hexes                        2
   e - Conjure Flame                  Conjuration/Fire             3
   f - Mephitic Cloud                 Conjuration/Poison/Air       3
Comestibles
 b - 6 fruits
 d - 2 bread rations
 f - 2 meat rations


   Skills:
 - Level 1.7 Dodging
 - Level 1.7 Stealth
 * Level 0.6 Shields
 * Level 3.6 Spellcasting
 * Level 2.4 Conjurations
   Level 1.0 Summonings
 - Level 0.8 Translocations


You couldn't memorise any spells.
You knew the following spells:

 Your Spells              Type           Power        Failure   Level  Hunger
a - Magic Dart            Conj           ##..         8%          1    None
b - Blink                 Tloc           N/A          22%         2    ##.....
c - Conjure Flame         Conj/Fire      #.......     36%         3    ###....
d - Mephitic Cloud        Conj/Pois/Air  #.......     41%         3    ###....


Dungeon Overview and Level Annotations

Branches:
Dungeon (3/15)

Altars:
Xom


Innate Abilities, Weirdness & Mutations

You are partially covered in iridescent scales. (AC +2)
You are partially covered in sharp spines.


Message History

You are too injured to fight recklessly!
You are too injured to fight recklessly!
You are too injured to fight recklessly!
You are too injured to fight recklessly!
You are too injured to fight recklessly!
You closely miss the orc.
The orc is heavily wounded.
You block the orc's attack.
All of the chunks of flesh in your inventory have rotted away.
You barely miss the orc.
The orc is heavily wounded.
The orc hits you but does no damage.
You barely miss the orc.
The orc is heavily wounded.
The orc misses you.
You hit the orc but do no damage.
The orc is heavily wounded.
The orc barely misses you. The orc hits you with a flail!
Ouch! That really hurt!
You die... ... #.# ... ?ww

#o#
#o#
#o#
#@#
#.#
#.#
#.#
#.#
#<#
###


You could see a worm, a dart slug and 3 orcs.

Vanquished Creatures
  An adder (D:2)
  2 oozes
  A dart slug (D:2)
  A leopard gecko (D:2)
  A ball python (D:2)
  A giant cockroach (D:1)
  4 goblins
  3 hobgoblins (D:1)
  3 kobolds (D:1)
  A quokka (D:2)
  3 bats (D:1)
  2 frilled lizards
  5 rats
28 creatures vanquished.

Notes
Turn   | Place    | Note
-------+----------+-------------------------------------------
     0 | D:1      | Chiseanne the Demonspawn Wizard began the quest for the Orb.
     0 | D:1      | Reached XP level 1. HP: 13/13 MP: 4/4
   261 | D:1      | Gained mutation: You are partially covered in sharp spines. [demonic ancestry]
   261 | D:1      | Reached XP level 2. HP: 19/19 MP: 3/6
   916 | D:2      | Gained mutation: You are partially covered in iridescent scales. (AC +2) [demonic ancestry]
   916 | D:2      | Reached XP level 3. HP: 22/24 MP: 8/8
   921 | D:2      | Learned a level 3 spell: Mephitic Cloud
   925 | D:2      | Learned a level 3 spell: Conjure Flame
   928 | D:2      | Learned a level 2 spell: Blink
  1213 | D:2      | Found a shimmering altar of Xom.
  1815 | D:3      | Slain by an orc

Skill      XL: |  1  2 |
---------------+-------+-----
Conjurations   | 2 |  2.4
Dodging        | |  1.7
Stealth        | |  1.7
Shields        | |  0.6
Spellcasting   | |  3.6
Summonings     | |  1.0
Translocations | |  0.8

Action                   || total
-------------------------++-------
Melee: Mace              ||    53
 Cast: Magic Dart        ||    25
  Use: Scroll            ||    12
 Stab: Sleeping          ||     4
  Eat: Chunk             ||     3
Armor: Robe              ||     8
Dodge: Dodged            ||    37
Block: Buckler           ||     5
